Map: Lerilak Crest

Players

MaSa

  • Race: Terran Terran

Snute - Winner!

  • Race: Zerg Zerg

Event: 2016 WCS Winter Circuit Championship

VOD

Have the link to the VOD?

Description

Time

  • Played on: March 4, 2016, 6:04 a.m.
  • Length: 7:36

All games in this series

Show
View Real Time Build Order
Export as new Build Order

MaSa Terran 

Build Orders: Reaper Expand 

Get SALT Encoding   

  12  0:00  SCV  
  13  0:12  SCV  
  14  0:17  Supply Depot  
  14  0:25  SCV  
  15  0:38  SCV  
  15  0:41  Barracks  
  16  0:44  Refinery  
  16  0:50  SCV  
  17  1:03  SCV  
  18  1:15  SCV  
  19  1:27  Orbital Command  
  19  1:28  Reaper  
  20  1:39  Command Center  
  20  1:49  Supply Depot  
  20  1:53  SCV  
  21  2:00  Marine  
  22  2:05  Factory  
  22  2:06  SCV  
  23  2:13  Refinery  
  23  2:18  SCV, Marine  
  25  2:30  SCV  
  26  2:39  Marine  
  26  2:42  SCV  
  28  2:52  Factory Tech Lab, Orbital Command, Starport  
  28  2:54  SCV  
  28  2:57  Marine  
  30  3:10  Siege Tank  
  30  3:11  SCV  
  35  3:20  SCV  
  35  3:25  Command Center  
  35  3:31  Bunker  
  34  3:35  Medivac  
  34  3:36  Marine  
  34  3:37  SCV  
  37  3:51  Siege Tank  
  37  3:54  Marine  
  30  4:04  SCV  
  26  4:19  SCV  
  26  4:20  SCV  
  28  4:31  SCV  
  28  4:37  SCV  
  30  4:41  Orbital Command  
  30  4:47  Siege Tank, SCV  
  30  4:50  SCV  
  36  5:00  SCV  
  36  5:02  SCV  
  36  5:06  SCV  
  38  5:07  Marine  
  38  5:08  Medivac  
  38  5:12  SCV  
  42  5:14  SCV  
  43  5:23  SCV, Barracks  
  43  5:25  SCV  
  45  5:29  SCV  
  45  5:35  SCV  
  47  5:36  Factory Reactor  
  47  5:38  Barracks  
  47  5:40  Starport Reactor  
  47  5:41  SCV  
  48  5:48  SCV  
  48  5:51  Orbital Command  
  48  5:54  Marine  
  48  5:56  SCV  
  51  5:57  Refinery  
  51  5:59  Engineering Bay x2  
  50  6:07  SCV  
  50  6:08  SCV  
  50  6:10  Barracks x2  
  52  6:15  Supply Depot  
  52  6:18  Supply Depot  
  52  6:19  SCV  
  52  6:20  SCV  
  52  6:23  SCV  
  55  6:26  Starport Reactor  
  55  6:31  Factory Reactor, SCV  
  56  6:33  SCV  
  56  6:35  Refinery, SCV  
  56  6:36  Supply Depot  
  58  6:43  SCV  
  58  6:44  Marine  
  58  6:46  SCV, Marine  
  62  6:51  SCV  
  63  6:55  SCV  
  63  6:56  Marine x3  
Show
View Real Time Build Order
Export as new Build Order

Snute Zerg - Winner!

Build Orders: Hatch First 

Get SALT Encoding   

  12  0:00  Drone  
  13  0:12  Overlord  
  13  0:16  Drone  
  14  0:30  Drone x2  
  14  0:34  Drone  
  17  0:51  Hatchery  
  17  0:55  Drone  
  17  0:57  Drone  
  17  1:02  Extractor  
  17  1:13  Spawning Pool  
  17  1:16  Drone  
  17  1:19  Drone  
  18  1:28  Drone  
  19  1:38  Overlord  
  19  2:00  Queen, Zergling x4  
  23  2:02  Metabolic Boost  
  23  2:04  Queen  
  25  2:10  Overlord  
  25  2:15  Drone  
  25  2:21  Drone  
  27  2:33  Drone x2  
  27  2:34  Drone  
  27  2:36  Drone  
  31  2:46  Drone  
  31  2:47  Drone  
  31  2:50  Queen  
  35  2:53  Overlord  
  35  2:59  Zergling x2  
  35  3:04  Zergling x2  
  37  3:07  Zergling x2  
  37  3:08  Zergling x6  
  41  3:14  Roach Warren  
  40  3:30  Overlord  
  40  3:31  Overlord  
  39  3:48  Drone  
  39  3:49  Drone x8  
  39  3:54  Queen  
  49  4:00  Drone  
  48  4:03  Drone x3  
  48  4:04  Drone  
  51  4:11  Drone  
  51  4:14  Drone  
  53  4:22  Drone  
  53  4:23  Evolution Chamber  
  52  4:24  Evolution Chamber  
  52  4:30  Drone  
  52  4:31  Drone x3  
  54  4:32  Extractor  
  54  4:33  Lair  
  52  4:39  Hatchery  
  51  4:47  Drone  
  51  4:48  Drone x2  
  51  4:49  Zerg Ground Armor Level 1  
  51  4:52  Zerg Missile Weapons Level 1  
  54  4:58  Queen  
  56  5:01  Zergling x2  
  56  5:02  Zergling x4  
  56  5:06  Zergling x2  
  60  5:10  Overlord x2  
  60  5:18  Overlord  
  60  5:21  Overlord  
  60  5:33  Glial Reconstitution  
  60  5:36  Extractor  
  60  5:37  Extractor, Roach  
  60  5:38  Roach x7  
  74  5:49  Roach x3  
  80  5:50  Roach  
  80  5:54  Roach  
  80  6:04  Roach x2  
  84  6:08  Roach x2  
  86  6:16  Overlord x2  
  86  6:19  Roach x5  
  96  6:29  Roach  
  96  6:30  Overlord x2  
  98  6:37  Ravager x2  
  98  6:39  Zergling x12  
  106  6:43  Zergling x2  
  107  6:47  Ravager  
  108  6:54  Zergling x2  
  108  6:55  Zergling x8  
Tags
 
Add a new tag
Caveats
  • Supply blocks, unpowered buildings, or Contaminate may cause inaccurate times.
  • Supply counts are checked every 10 seconds.